AoeStats
← symon.mcare

Arabian Desert

510281063Analyzed
1v1 RM · 23h ago on Sep 30, 2026· 46m 45s· 2 players
Game mode
Random Map
Map size
Tiny (2 player)
Population
200
Speed
Normal
Resources
Standard
Victory
Conquest
Starting age
Dark Age
Ending age
Imperial Age
RankedLock teamsTeams togetherTeam positionsShared explorationLock speedFull tech treeHidden civsTurbo modeCheats
Victory
Defeat
🇦🇺 Spanish · Australia
582
+18
🇦🇺 Bengalis · Australia
625
-31
symon.mcare
5:51 Loom
9:49 Feudal Age
10:23 Double-Bit Axe
19:46 Castle Age
18:20 Stone Mining
20:07 Scale Barding Armor
21:49 Forging
22:30 Bloodlines
24:08 Horse Collar
26:00 Husbandry
26:04 Padded Archer Armor
26:29 Heavy Plow
29:10 Stone Shaft Mining
33:41 Fervor
36:19 Imperial Age
34:12 Gold Mining
34:16 Fletching
35:03 Iron Casting
34:45 Leather Archer Armor
38:57 Conscription
39:17 Theocracy
39:08 Illumination
39:30 Elite Conquistador
41:46 Ring Archer Armor
41:12 Bodkin Arrow
42:46 Wheelbarrow
42:26 Bow Saw
42:43 Chain Barding Armor
43:24 Blast Furnace
41:46 Cavalier
43:45 Chemistry
46:37 Ballistics
boythick69420
11:06 Feudal Age
12:42 Wheelbarrow
12:49 Double-Bit Axe
14:19 Horse Collar
17:11 Man-at-Arms
20:51 Scale Barding Armor
20:57 Forging
20:48 Scale Mail Armor
25:29 Castle Age
24:35 Bloodlines
26:24 Gold Mining
28:58 Chain Barding Armor
31:48 Long Swordsman
34:27 Gold Shaft Mining
34:00 Heavy Plow
44:55 Imperial Age
Connection lost

Rejoining the realm…

Still unreachable

The connection could not be restored.

Session expired

The server has moved on; the page needs a fresh start.